[Event "WYCC 2018 G14"]
[Site "Halkidiki"]
[Date "2018.10.23"]
[Round "5"]
[White "Anghel, Maria"]
[Black "Hrebenshchykova, Yelyzaveta"]
[Result "0-1"]
[ECO "A48"]
[WhiteElo "1801"]
[BlackElo "1968"]
[Annotator "NA"]
[PlyCount "132"]
[EventDate "2018.10.20"]
[EventType "swiss"]
[EventCountry "GRE"]
[SourceTitle "playchess.com"]
[Source "ChessBase"]
[SourceQuality "1"]
[TimeControl "40/5400+30:1800+30"]

1. d4 Nf6 2. Nf3 g6 3. c4 Bg7 4. g3 O-O 5. Bg2 $11 d6 6. O-O c6 7. Nc3 Qb6 8. e4 Bg4 9. h3 Bxf3 10. Bxf3 Nfd7 11. Be3 Qxb2 12. Qd3 Qb6 13. Rab1 Qc7 14. Bg2 Na6 15. f4 f5 16. e5 dxe5 17. fxe5 e6 18. Ne2 Rab8 19. Nf4 Rfe8 20. g4 fxg4 21. hxg4 Nf8 22. Rbe1 Qd7 23. Be4 Rbd8 24. Qe2 Nc7 25. Nh3 c5 26. dxc5 Bxe5 27. Rd1 Qg7 28. Ng5 Bf6 29. Nf3 Na6 30. g5 Bc3 31. Rc1 Bb4 32. Qf2 Nd7 33. c6 bxc6 34. Bxc6 Rf8 35. Bd4 e5 36. Bd5+ Kh8 37. Nxe5 Rxf2 38. Nxg6+ hxg6 39. Bxg7+ Kxg7 40. Kxf2 Ne5 41. Kg2 Nc5 42. a3 Bd2 43. Rb1 Bxg5 44. Rb5 Be7 45. Re1 Kf6 46. Rf1+ Kg5 47. Re1 Ncd3 48. Re3 Bf6 49. Kg3 Kh6 50. Rb7 Bg5 51. Re2 Bf4+ 52. Kg2 a6 53. Rb6 Nc5 54. Reb2 Kg5 55. Rb1 Re8 56. Rb8 Re7 57. R8b6 Ng4 58. R6b2 Nd3 59. Ra2 Rh7 60. Rh1 Ne3+ 61. Kg1 Re7 62. Bg2 Nc1 63. Ra1 Nc2 64. Rb1 Re1+ 65. Kf2 Nd3+ 66. Kf3 Nd4# 0-1

[Event "WYCC 2018 G14"]
[Site "Halkidiki"]
[Date "2018.10.23"]
[Round "5"]
[White "Zhou, Iris"]
[Black "Dylag, Emilia"]
[Result "1/2-1/2"]
[ECO "B92"]
[WhiteElo "1779"]
[BlackElo "2059"]
[Annotator "NA"]
[PlyCount "87"]
[EventDate "2018.10.20"]
[EventType "swiss"]
[EventCountry "GRE"]
[SourceTitle "playchess.com"]
[Source "ChessBase"]
[SourceQuality "1"]
[TimeControl "40/5400+30:1800+30"]

1. e4 c5 2. Nf3 d6 3. d4 cxd4 4. Nxd4 Nf6 5. Nc3 $11 {[%emt 0:00:00] LiveBook: 99691 Games} a6 6. Be2 e5 7. Nb3 Be7 8. O-O O-O 9. Be3 Be6 10. Nd5 Nbd7 11. Qd3 Bxd5 12. exd5 Nc5 13. Nxc5 dxc5 14. c4 e4 15. Qc2 Qc7 16. Rfd1 Bd6 17. h3 Rae8 18. Rac1 Nd7 19. b4 f5 20. bxc5 Nxc5 21. Bd4 Qe7 22. Qc3 Qg5 23. Bf1 h5 24. Rb1 Rf7 25. Qa5 Qe7 26. Rb6 Rc8 27. Rdb1 e3 28. Bxe3 Qe5 29. g3 Qe7 30. Bxc5 Bxc5 31. Rxb7 Qe5 32. Rxf7 Qxg3+ 33. Kh1 Qxf2 34. Rxg7+ Kxg7 35. Bg2 Kh7 36. Qe1 Qd4 37. Rb7+ Kh8 38. Qc1 Qe3 39. Qxe3 Bxe3 40. Rb3 Bd4 41. Bf1 Rg8 42. Bg2 Rc8 43. Rb4 a5 44. Ra4 1/2-1/2

[Event "WYCC 2018 G14"]
[Site "Halkidiki"]
[Date "2018.10.23"]
[Round "5"]
[White "Vuong, Quynh Anh"]
[Black "Matus, Nastassja"]
[Result "0-1"]
[ECO "A05"]
[WhiteElo "1747"]
[BlackElo "1983"]
[Annotator "NA"]
[PlyCount "112"]
[EventDate "2018.10.20"]
[EventType "swiss"]
[EventCountry "GRE"]
[SourceTitle "playchess.com"]
[Source "ChessBase"]
[SourceQuality "1"]
[TimeControl "40/5400+30:1800+30"]

1. Nf3 Nf6 2. g3 d5 3. Bg2 Bf5 4. c4 c6 5. cxd5 cxd5 6. O-O g6 7. d4 Bg7 8. Nc3 $11 Nc6 9. Qb3 Na5 10. Qa4+ Bd7 11. Qd1 O-O 12. Ne5 Be6 13. Be3 Rc8 14. Rc1 a6 15. f4 Nc4 16. Bf2 b5 17. b3 Nd6 18. Nd3 Nde4 19. Nxe4 Nxe4 20. Nc5 Nxf2 21. Rxf2 Qd6 22. e3 Rc6 23. b4 Rfc8 24. Rfc2 Bf6 25. Rc3 h5 26. Qb3 h4 27. Kf2 Kg7 28. Nxe6+ fxe6 29. Rc5 Kf7 30. Qc2 Rxc5 31. bxc5 Qc6 32. Bf3 Rh8 33. g4 g5 34. fxg5 Bxg5 35. Rf1 Kg7 36. Qb3 Qc7 37. Kg1 Qa5 38. Rd1 Rf8 39. e4 dxe4 40. Bxe4 Rf6 41. Kh1 Qc7 42. Bg2 Qd7 43. c6 Qc7 44. d5 e5 45. Qa3 a5 46. Qc5 b4 47. Qb5 Rf8 48. Qc5 Rf6 49. a3 b3 50. Qb5 h3 51. Bxh3 Rf3 52. Bg2 Rc3 53. Rb1 a4 54. Qxa4 b2 55. Be4 Qb6 56. Bc2 Qf2 0-1

[Event "WYCC 2018 G14"]
[Site "Halkidiki"]
[Date "2018.10.23"]
[Round "5"]
[White "Zaritovskaja, Margarita"]
[Black "Randrianarimanana, Alicia"]
[Result "1-0"]
[ECO "E81"]
[WhiteElo "1731"]
[BlackElo "1947"]
[Annotator "NA"]
[PlyCount "129"]
[EventDate "2018.10.20"]
[EventType "swiss"]
[EventCountry "GRE"]
[SourceTitle "playchess.com"]
[Source "ChessBase"]
[SourceQuality "1"]
[TimeControl "40/5400+30:1800+30"]

1. d4 Nf6 2. c4 g6 3. Nc3 Bg7 4. e4 d6 5. f3 O-O 6. Bg5 $11 Nc6 7. Qd2 a6 8. Nge2 Na5 9. Ng3 c5 10. d5 Re8 11. Bd3 Rb8 12. O-O Bd7 13. f4 b5 14. h3 bxc4 15. Bc2 h6 16. Bh4 Qc7 17. Rae1 Nh7 18. e5 dxe5 19. fxe5 Bxe5 20. Qxh6 Bg7 21. Qd2 f5 22. Nge2 Qb7 23. Nd1 Qb4 24. Nec3 e5 25. dxe6 Bxe6 26. Ba4 Bd4+ 27. Kh1 Qb7 28. Bxe8 Rxe8 29. Qh6 Qg7 30. Qxg7+ Kxg7 31. Bf2 Nc6 32. Nd5 Kf7 33. Nc7 Re7 34. Nxe6 Rxe6 35. Rxe6 Kxe6 36. Re1+ Kf6 37. Re8 Ng5 38. Ra8 Kf7 39. Rxa6 Nb4 40. Ra4 Bxf2 41. Nxf2 Nd3 42. Nd1 Ne5 43. Ne3 c3 44. bxc3 Ne4 45. Nc4 Nxc4 46. Rxc4 Ke6 47. a4 Kd5 48. a5 Kc6 49. a6 Kb6 50. Ra4 Ka7 51. Ra5 g5 52. Kg1 g4 53. h4 f4 54. h5 Nxc3 55. Rxc5 Ne2+ 56. Kf2 Ng3 57. Rc7+ Kxa6 58. h6 Ne4+ 59. Ke1 g3 60. h7 f3 61. gxf3 Ng5 62. h8=Q Nxf3+ 63. Kf1 g2+ 64. Kxg2 Ne1+ 65. Kf1 1-0

[Event "WYCC 2018 G14"]
[Site "Halkidiki"]
[Date "2018.10.23"]
[Round "5"]
[White "Yedigaryan, Asya"]
[Black "Lomaia, Diana"]
[Result "1/2-1/2"]
[ECO "B07"]
[WhiteElo "1726"]
[BlackElo "1876"]
[Annotator "NA"]
[PlyCount "103"]
[EventDate "2018.10.20"]
[EventType "swiss"]
[EventCountry "GRE"]
[SourceTitle "playchess.com"]
[Source "ChessBase"]
[SourceQuality "1"]
[TimeControl "40/5400+30:1800+30"]

1. d4 Nf6 2. Nc3 g6 3. e4 d6 4. Be2 Bg7 5. h4 h5 6. Nf3 O-O 7. Bg5 c6 8. Qd2 Qc7 9. O-O-O b5 10. e5 Ng4 11. exd6 exd6 12. Bd3 Nd7 13. Ne4 Ndf6 14. Nxf6+ Nxf6 15. Bh6 Bg4 16. Bxg7 Kxg7 17. Rde1 Rfe8 18. Ng5 Qd7 19. f3 Bf5 20. Bxf5 Qxf5 21. Reg1 Qd5 22. Kb1 Qc4 23. Re1 c5 24. dxc5 dxc5 25. b3 Qd5 26. Qc3 b4 27. Qb2 Rad8 28. Ne4 Qe5 29. Qxe5 Rxe5 30. Nxf6 Kxf6 31. Rxe5 Kxe5 32. Re1+ Kf4 33. Re7 Rf8 34. Rxa7 Kg3 35. Rc7 Kxg2 36. Rxc5 Kxf3 37. c3 bxc3 38. Rxc3+ Ke4 39. b4 Kd4 40. Kb2 f5 41. Rf3 f4 42. Kb3 Ke4 43. Rf1 f3 44. b5 Kd5 45. Kb4 f2 46. a4 Rf4+ 47. Ka5 Kc5 48. Rc1+ Kd5 49. Rf1 Kc5 50. Rc1+ Kd5 51. Rd1+ Kc5 52. Rc1+ 1/2-1/2

[Event "WYCC 2018 G14"]
[Site "Halkidiki"]
[Date "2018.10.23"]
[Round "5"]
[White "Kostina, Veronika"]
[Black "Kasaeva, Sofiia"]
[Result "1-0"]
[ECO "B22"]
[WhiteElo "1700"]
[BlackElo "1874"]
[Annotator "NA"]
[PlyCount "59"]
[EventDate "2018.10.20"]
[EventType "swiss"]
[EventCountry "GRE"]
[SourceTitle "playchess.com"]
[Source "ChessBase"]
[SourceQuality "1"]
[TimeControl "40/5400+30:1800+30"]

1. e4 c5 2. c3 Nf6 3. e5 Nd5 4. d4 cxd4 5. Nf3 e6 6. cxd4 d6 7. Bc4 Nb6 8. Bb5+ Bd7 9. Bxd7+ Qxd7 10. O-O Be7 11. Nc3 O-O 12. Bf4 Nc6 13. Rc1 Rac8 14. Re1 Nb4 15. a3 N4d5 16. Bg3 Nxc3 17. bxc3 dxe5 18. Nxe5 Qd5 19. Qd3 Qb3 20. a4 Nxa4 21. Rb1 Qd5 22. c4 Qa5 23. f3 Qa6 24. c5 Qxd3 25. Nxd3 Bf6 26. Bf2 b6 27. Rb4 Nc3 28. cxb6 axb6 29. Rxb6 Nd5 30. Rb3 1-0

[Event "WYCC 2018 G14"]
[Site "Halkidiki"]
[Date "2018.10.23"]
[Round "5"]
[White "He, Emma"]
[Black "Kouta, Antonia"]
[Result "1/2-1/2"]
[ECO "B50"]
[WhiteElo "1674"]
[BlackElo "1812"]
[Annotator "NA"]
[PlyCount "50"]
[EventDate "2018.10.20"]
[EventType "swiss"]
[EventCountry "GRE"]
[SourceTitle "playchess.com"]
[Source "ChessBase"]
[SourceQuality "1"]
[TimeControl "40/5400+30:1800+30"]

1. e4 c5 2. Nf3 d6 3. c3 Nf6 4. h3 g6 5. Bd3 Bg7 6. Bc2 e5 7. O-O O-O 8. d3 Nc6 9. a3 a5 10. a4 h6 11. Be3 b6 12. Na3 d5 13. Nb5 Be6 14. Re1 Kh7 15. Bd2 Qd7 16. Bb3 Rad8 17. Rc1 Ne8 18. d4 dxe4 19. Bxe6 fxe6 20. Rxe4 exd4 21. cxd4 Nxd4 22. Nbxd4 cxd4 23. Qb3 Qd5 24. Qxd5 exd5 25. Rh4 Rd6 1/2-1/2

[Event "WYCC 2018 G14"]
[Site "Halkidiki"]
[Date "2018.10.23"]
[Round "5"]
[White "Figueroa Bernal, Julia Dennis"]
[Black "Tamrazyan, Gohar"]
[Result "1/2-1/2"]
[ECO "B32"]
[WhiteElo "1650"]
[BlackElo "1824"]
[Annotator "NA"]
[PlyCount "76"]
[EventDate "2018.10.20"]
[EventType "swiss"]
[EventCountry "GRE"]
[SourceTitle "playchess.com"]
[Source "ChessBase"]
[SourceQuality "1"]
[TimeControl "40/5400+30:1800+30"]

1. e4 c5 2. Nf3 Nc6 3. d4 cxd4 4. Nxd4 e5 5. Nb5 d6 6. c4 Nf6 7. N1c3 a6 8. Na3 Be7 9. Nc2 O-O 10. Be2 Be6 11. O-O Nd7 12. Ne3 Nc5 13. f3 Bg5 14. Ned5 f5 15. Bxg5 Qxg5 16. Nc7 Rad8 17. Nxe6 Nxe6 18. Qd5 Ncd4 19. f4 exf4 20. Rad1 Qf6 21. exf5 Nxe2+ 22. Nxe2 Qxf5 23. Rxf4 Qxd5 24. Rxf8+ Kxf8 25. Rxd5 Ke7 26. Nd4 g6 27. Nxe6 Kxe6 28. Rd3 d5 29. cxd5+ Rxd5 30. Rxd5 Kxd5 31. Kf2 Kd4 32. Ke2 h6 33. Kd2 b5 34. a3 a5 35. b3 b4 36. a4 h5 37. h4 Ke4 38. Ke2 Kd4 1/2-1/2

[Event "WYCC 2018 G14"]
[Site "Halkidiki"]
[Date "2018.10.23"]
[Round "5"]
[White "Tien, Sophie"]
[Black "Murzina, Agata"]
[Result "1-0"]
[ECO "C11"]
[WhiteElo "1648"]
[BlackElo "1768"]
[Annotator "NA"]
[PlyCount "127"]
[EventDate "2018.10.20"]
[EventType "swiss"]
[EventCountry "GRE"]
[SourceTitle "playchess.com"]
[Source "ChessBase"]
[SourceQuality "1"]
[TimeControl "40/5400+30:1800+30"]

1. e4 e6 2. d4 d5 3. Nc3 Nf6 4. exd5 exd5 5. Bd3 Be7 6. Nge2 O-O 7. O-O Re8 8. Ng3 c6 9. Bg5 Nbd7 10. Qf3 h6 11. Bf4 Qb6 12. Nce2 Qxb2 13. Nf5 Bf8 14. Rfb1 Qa3 15. Neg3 Qa4 16. Nxg7 Bxg7 17. Nf5 Nf8 18. Nxg7 Kxg7 19. Bxh6+ Kxh6 20. Qxf6+ Ng6 21. Qxf7 Re6 22. c3 Qa3 23. Bxg6 Rxg6 24. Qf4+ Kh7 25. Re1 Be6 26. Rxe6 Rxe6 27. Qf7+ Kh8 28. Qxe6 Qxc3 29. Qe5+ Kg8 30. Re1 Rf8 31. h4 Qd2 32. f3 a6 33. Re2 Qc1+ 34. Kh2 Qf4+ 35. Kh3 Qc1 36. Re1 Qd2 37. Qg3+ Kh8 38. Re5 Qh6 39. Qg4 Rf4 40. Rh5 Rxg4 41. Rxh6+ Kg7 42. Kxg4 Kxh6 43. Kf4 Kh5 44. g4+ Kh6 45. Ke5 a5 46. Kd6 a4 47. Kc5 b5 48. f4 Kg6 49. h5+ Kh6 50. a3 Kh7 51. g5 Kg7 52. f5 Kg8 53. h6 Kh7 54. Kb4 Kg8 55. g6 Kh8 56. f6 Kg8 57. f7+ Kf8 58. h7 c5+ 59. Kxc5 b4 60. Kxb4 Kg7 61. h8=Q+ Kxg6 62. f8=R Kg5 63. Qg7+ Kh5 64. Rh8# 1-0

[Event "WYCC 2018 G14"]
[Site "Halkidiki"]
[Date "2018.10.23"]
[Round "5"]
[White "Kumar, Arya"]
[Black "Baiburina, Kamilla"]
[Result "0-1"]
[ECO "C42"]
[WhiteElo "1619"]
[BlackElo "1907"]
[Annotator "NA"]
[PlyCount "66"]
[EventDate "2018.10.20"]
[EventType "swiss"]
[EventCountry "GRE"]
[SourceTitle "playchess.com"]
[Source "ChessBase"]
[SourceQuality "1"]
[TimeControl "40/5400+30:1800+30"]

1. e4 e5 2. Nf3 Nf6 3. Nxe5 d6 4. Nf3 Nxe4 5. Nc3 Nxc3 6. dxc3 Be7 7. Be3 O-O 8. Qd2 Nc6 9. O-O-O Ne5 10. h4 Be6 11. Bg5 f6 12. Bf4 c6 13. Nd4 Bd7 14. c4 a6 15. f3 b5 16. g4 bxc4 17. Nf5 d5 18. Bh3 Rb8 19. Qe3 Bxf5 20. gxf5 Qb6 21. Qxb6 Rxb6 22. Be3 Rb5 23. f4 Nf7 24. Bf1 Rfb8 25. b3 Nd6 26. Bh3 Ne4 27. Kb2 Ra5 28. Bd4 Ba3+ 29. Ka1 c5 30. Be3 Bb4 31. Rdg1 Nc3 32. a4 Nxa4 33. Kb1 Nc3+ 0-1

[Event "WYCC 2018 G14"]
[Site "Halkidiki"]
[Date "2018.10.23"]
[Round "5"]
[White "Alimova, Sevinch"]
[Black "Bellahcene, Sofia"]
[Result "1/2-1/2"]
[ECO "D50"]
[WhiteElo "1596"]
[BlackElo "1764"]
[Annotator "NA"]
[PlyCount "113"]
[EventDate "2018.10.20"]
[EventType "swiss"]
[EventCountry "GRE"]
[SourceTitle "playchess.com"]
[Source "ChessBase"]
[SourceQuality "1"]
[TimeControl "40/5400+30:1800+30"]

1. d4 d5 2. c4 e6 3. Nc3 Nf6 4. Bg5 c6 5. e3 Be7 6. Nf3 Nbd7 7. Bd3 dxc4 8. Bxc4 b5 9. Bd3 a6 10. O-O c5 11. dxc5 Nxc5 12. Bc2 Qb6 13. Qe2 Bb7 14. h3 h6 15. Bh4 O-O 16. Rfd1 Rfe8 17. Nd4 Nd5 18. Nxd5 Bxd5 19. Bxe7 Rxe7 20. e4 Bb7 21. Qe3 Rc7 22. Rd2 Nd7 23. Rad1 Ne5 24. Bb3 Nc4 25. Bxc4 Rxc4 26. b3 Rcc8 27. f3 b4 28. Nf5 Qxe3+ 29. Nxe3 a5 30. Nc4 Rc5 31. Rd7 Ba6 32. Nb6 Rb8 33. Rd8+ Rxd8 34. Rxd8+ Kh7 35. Rd2 Rc6 36. Na4 Bb5 37. Nb2 Kg6 38. Kf2 Rc3 39. Nd1 Rc1 40. Ne3 h5 41. Rc2 Rxc2+ 42. Nxc2 Bd3 43. Nd4 Bb1 44. Nc6 Bxa2 45. Nxa5 f5 46. exf5+ Kxf5 47. Nc6 e5 48. Nxb4 Bxb3 49. Nd3 h4 50. Ke3 Bc4 51. Ne1 Bb5 52. Nc2 Bc6 53. Ne1 g5 54. Nc2 Bb7 55. Ne1 e4 56. fxe4+ Bxe4 57. Nf3 {[%emt 0:00:28] Ke5 Kxe4+} 1/2-1/2

[Event "WYCC 2018 G14"]
[Site "Halkidiki"]
[Date "2018.10.23"]
[Round "5"]
[White "Hoshino, Meilin"]
[Black "Somton, Anita"]
[Result "0-1"]
[ECO "D63"]
[WhiteElo "1533"]
[BlackElo "1787"]
[Annotator "NA"]
[PlyCount "86"]
[EventDate "2018.10.20"]
[EventType "swiss"]
[EventCountry "GRE"]
[SourceTitle "playchess.com"]
[Source "ChessBase"]
[SourceQuality "1"]
[TimeControl "40/5400+30:1800+30"]

1. d4 d5 2. c4 e6 3. Nc3 Nf6 4. Bg5 Nbd7 5. Nf3 Be7 6. e3 O-O 7. Rc1 a6 8. a4 c6 9. c5 Ne8 10. Bxe7 Qxe7 11. Bd3 e5 12. Nxe5 Nxe5 13. dxe5 Qxe5 14. O-O f5 15. b4 Rf6 16. Re1 Rh6 17. h3 Nf6 18. Ne2 Ne4 19. Qc2 Bd7 20. Rb1 Rf8 21. b5 axb5 22. axb5 Qe7 23. Bxe4 fxe4 24. bxc6 bxc6 25. Ng3 Rhf6 26. Rf1 Be8 27. Rb6 h5 28. Ne2 h4 29. Nd4 Rg6 30. Nb3 Qg5 31. f3 exf3 32. Qf2 Qxg2+ 33. Qxg2 Rxg2+ 34. Kh1 Rg3 35. Kh2 Bd7 36. Nd4 Bxh3 37. Rf2 Bg2 38. Nxf3 Bxf3 39. Rfb2 Rf6 40. Rb8+ Kh7 41. R8b3 Be4 42. Rc3 Rf1 43. Rd2 Rh1# 0-1

[Event "WYCC 2018 G14"]
[Site "Halkidiki"]
[Date "2018.10.24"]
[Round "6"]
[White "Ning, Kaiyu"]
[Black "Nurgali, Nazerke"]
[Result "1/2-1/2"]
[ECO "D37"]
[WhiteElo "2217"]
[BlackElo "2263"]
[Annotator "NA"]
[PlyCount "102"]
[EventDate "2018.10.20"]
[EventType "swiss"]
[EventCountry "GRE"]
[SourceTitle "playchess.com"]
[Source "ChessBase"]
[SourceQuality "1"]
[TimeControl "40/5400+30:1800+30"]

1. d4 Nf6 2. c4 e6 3. Nf3 d5 4. Nc3 Be7 5. Bg5 h6 6. Bxf6 Bxf6 7. e3 O-O 8. Rc1 b6 9. cxd5 exd5 10. Be2 Bb7 11. b4 c6 12. O-O Nd7 13. Qb3 a6 14. a4 Be7 15. Rfd1 Nf6 16. Ne5 $11 Qd6 17. a5 b5 18. Na2 Nd7 19. f4 Nxe5 20. dxe5 Qg6 21. Bd3 Qe6 22. Qb1 f5 23. Qb2 Rac8 24. Qd4 Rc7 25. Rc3 Rfc8 26. Rdc1 Qf7 27. Be2 Qf8 28. Bf3 Kh8 29. Rc5 Kh7 30. R1c2 g6 31. Nc1 Bxc5 32. Rxc5 Rg7 33. Nd3 Qe7 34. g3 Rcg8 35. Kf2 g5 36. Bd1 h5 37. fxg5 Qxg5 38. Ne1 h4 39. Qxh4+ Qxh4 40. gxh4 Kh6 41. Bf3 Re7 42. Nd3 Rd8 43. Rc1 Ba8 44. Rg1 d4 45. Rg5 c5 46. Rh5+ Kg7 47. Rg5+ Kh7 48. Rh5+ Kg8 49. Rg5+ Kh7 50. Rh5+ Kg8 51. Rg5+ Kh7 1/2-1/2

[Event "WYCC 2018 G14"]
[Site "Halkidiki"]
[Date "2018.10.24"]
[Round "6"]
[White "Divya Deshmukh"]
[Black "Jyothsna L"]
[Result "0-1"]
[ECO "D43"]
[WhiteElo "2180"]
[BlackElo "2060"]
[Annotator "NA"]
[PlyCount "76"]
[EventDate "2018.10.20"]
[EventType "swiss"]
[EventCountry "GRE"]
[SourceTitle "playchess.com"]
[Source "ChessBase"]
[SourceQuality "1"]
[TimeControl "40/5400+30:1800+30"]

1. d4 d5 2. c4 c6 3. Nc3 Nf6 4. Nf3 e6 5. g3 Nbd7 6. Qd3 b6 7. cxd5 cxd5 8. Bg2 Bb7 9. Bf4 a6 10. O-O Be7 11. Ne5 Nxe5 12. dxe5 Nd7 13. h4 O-O 14. Rfd1 f6 15. exf6 Bxf6 16. Rac1 Rc8 17. b4 Kh8 18. e4 d4 19. Na4 e5 20. Bd2 Bc6 21. Nb2 Bb5 22. Qb3 Be2 23. Rxc8 Qxc8 24. Rc1 Qd8 25. a4 Nb8 26. Bh3 Qd6 27. Nc4 Qc7 28. Nb2 Qd6 29. b5 a5 30. Nc4 Qd8 31. Nb2 Nd7 32. Bxd7 Qxd7 33. Re1 d3 34. Qa3 Be7 35. Qb3 Bc5 36. Rxe2 dxe2 37. Be1 Rxf2 38. Nd3 Qxd3 0-1

[Event "WYCC 2018 G14"]
[Site "Halkidiki"]
[Date "2018.10.24"]
[Round "6"]
[White "Allahverdiyeva, Ayan"]
[Black "Zhu, Evelyn"]
[Result "1/2-1/2"]
[ECO "B43"]
[WhiteElo "2116"]
[BlackElo "1926"]
[Annotator "NA"]
[PlyCount "102"]
[EventDate "2018.10.20"]
[EventType "swiss"]
[EventCountry "GRE"]
[SourceTitle "playchess.com"]
[Source "ChessBase"]
[SourceQuality "1"]
[TimeControl "40/5400+30:1800+30"]

1. e4 c5 2. Nf3 e6 3. d4 cxd4 4. Nxd4 a6 5. Nc3 Qc7 6. g3 Nf6 7. Bg2 Nc6 8. O-O Nxd4 9. Qxd4 Bc5 10. Bf4 Bxd4 11. Bxc7 $16 {LiveBook: 6 Games} Bxc3 12. bxc3 d5 13. exd5 Nxd5 14. Be5 f6 15. c4 Ne7 16. Bd6 Nf5 17. Bc7 O-O 18. Rfd1 g5 19. c5 Rf7 20. Rd8+ Kg7 21. Bb6 Ne7 22. Rad1 Rf8 23. Rxf8 Kxf8 24. Rd8+ Kf7 25. h4 gxh4 26. gxh4 f5 27. Bc7 Nc6 28. Bxc6 bxc6 29. Be5 h5 30. Rh8 a5 31. a4 Kg6 32. Rg8+ Kh6 33. Bf4+ Kh7 34. Rg5 Ba6 35. Rxh5+ Kg7 36. Rh6 Bc4 37. h5 Rd8 38. Rg6+ Kh7 39. Rf6 Rg8+ 40. Kh2 Rg4 41. Rh6+ Kg7 42. Rg6+ Rxg6 43. hxg6 Be2 44. Bc7 Bd1 45. Bxa5 Bxc2 46. Bc3+ Kxg6 47. a5 Bd3 48. Kg3 Kf7 49. Kf4 Ke7 50. Ke5 Kd7 51. Kd4 Bf1 {Ke4} 1/2-1/2

[Event "WYCC 2018 G14"]
[Site "Halkidiki"]
[Date "2018.10.24"]
[Round "6"]
[White "Garifullina, Leya"]
[Black "Kamalidenova, Meruert"]
[Result "1-0"]
[ECO "B90"]
[WhiteElo "2106"]
[BlackElo "1999"]
[Annotator "NA"]
[PlyCount "131"]
[EventDate "2018.10.20"]
[EventType "swiss"]
[EventCountry "GRE"]
[SourceTitle "playchess.com"]
[Source "ChessBase"]
[SourceQuality "1"]
[TimeControl "40/5400+30:1800+30"]

1. e4 c5 2. Nf3 d6 3. d4 cxd4 4. Nxd4 Nf6 5. Nc3 a6 6. h3 e5 7. Nde2 h5 {[%emt 0:00:23] B90: Sicilian Najdorf: Unusual White 6th moves, 6 Be3 Ng4 and 6 Be3 e5} (7... b5 8. Ng3 Nbd7 9. Bg5 h6 10. Be3 Bb7 11. Bd3 h5 12. Bg5 g6 13. O-O Be7 14. a3 h4 15. Nge2 Nc5 16. Bxf6 Bxf6 {1-0 (48) Dominguez Perez,L (2739)-Vachier Lagrave,M (2779) chess.com INT 2018}) 8. Bg5 Be6 9. Bxf6 Qxf6 10. Nd5 Qd8 11. Nec3 Nd7 12. Bc4 b5 13. Bb3 {[%emt 0:00:41] [#]} Rb8 $146 ({Predecessor:} 13... Nc5 14. a4 Nxb3 15. cxb3 bxa4 16. bxa4 {½-½ (32) Amanov,Z (2340)-Jumabayev,R (2620) Astana 2017}) 14. Ne3 Nc5 15. Bxe6 fxe6 16. b4 Nd7 17. Qd3 Qc7 18. O-O Rc8 19. Ne2 Be7 $16 (19... Qc6 $1 $11 {hält das Gleichgewicht.}) 20. f4 Qb6 21. Kh1 exf4 22. Nxf4 Rh6 23. Qb3 Nf8 24. Rae1 g5 25. Nd3 g4 26. Qb2 Rh7 27. Nf4 gxh3 28. Nxh3 Bh4 29. Re2 Rcc7 30. Rd1 Bg3 31. Qb3 Be5 32. c4 Rhg7 33. Qd3 Rc8 34. c5 dxc5 35. bxc5 Rxc5 36. Rf1 Rc3 37. Qd2 Qd4 38. Qe1 Nd7 39. Ng1 Bg3 40. Nf3 Qc5 41. Qa1 Rg8 42. Nd1 Rc2 43. Rxc2 Qxc2 44. Ne3 Qxe4 45. Qc3 Ke7 46. Rd1 b4 47. Qd2 Nf6 48. Nf1 Bf4 49. Qb2 Nd5 50. Re1 Qc4 51. Qf2 Kd7 52. N1d2 Qxa2 53. Qa7+ Nc7 54. Qd4+ Nd5 55. Qe4 Re8 56. Nc4 Qb3 57. Nce5+ Bxe5 58. Nxe5+ Kc8 59. Rc1+ Kb7 60. Nc4 Qg3 61. Na5+ Kb6 62. Qd4+ Kxa5 63. Qc5+ Ka4 64. Qc6+ Ka3 65. Ra1+ Kb3 66. Rb1+ 1-0

[Event "WYCC 2018 G14"]
[Site "Halkidiki"]
[Date "2018.10.24"]
[Round "6"]
[White "Wen, Yili"]
[Black "Song, Yuxin"]
[Result "1/2-1/2"]
[ECO "A13"]
[WhiteElo "2083"]
[BlackElo "2178"]
[Annotator "NA"]
[PlyCount "80"]
[EventDate "2018.10.20"]
[EventType "swiss"]
[EventCountry "GRE"]
[SourceTitle "playchess.com"]
[Source "ChessBase"]
[SourceQuality "1"]
[TimeControl "40/5400+30:1800+30"]

1. Nf3 Nf6 2. c4 e6 3. g3 d5 4. Bg2 dxc4 5. Qa4+ c6 6. Qxc4 b5 7. Qb3 Bb7 8. O-O Nbd7 9. d4 a6 10. a4 c5 11. axb5 Bd5 12. Qc2 axb5 13. Rxa8 Qxa8 14. Nc3 Bc6 15. dxc5 Bxc5 16. Bg5 b4 17. Bxf6 gxf6 $11 18. Nb1 Be4 19. Qc1 Ke7 20. Nbd2 Bd5 21. Nh4 Rc8 22. Qb1 Nf8 23. Nb3 Ng6 24. Bxd5 Qxd5 25. Nxg6+ hxg6 26. Qd1 Qc4 27. Nxc5 Qxc5 28. Qa4 Rd8 29. Rd1 Rxd1+ 30. Qxd1 Qc4 31. b3 Qc3 32. h4 f5 33. Qd3 Kf6 34. Kf1 Qc1+ 35. Kg2 Qc5 36. Qd8+ Kg7 37. h5 gxh5 38. Qg5+ Kf8 39. Qd8+ Kg7 40. Qg5+ Kf8 1/2-1/2

[Event "WYCC 2018 G14"]
[Site "Halkidiki"]
[Date "2018.10.24"]
[Round "6"]
[White "Dylag, Emilia"]
[Black "Ziegenfuss, Antonia"]
[Result "1-0"]
[ECO "A46"]
[WhiteElo "2059"]
[BlackElo "1969"]
[Annotator "NA"]
[PlyCount "91"]
[EventDate "2018.10.20"]
[EventType "swiss"]
[EventCountry "GRE"]
[SourceTitle "playchess.com"]
[Source "ChessBase"]
[SourceQuality "1"]
[TimeControl "40/5400+30:1800+30"]

1. d4 Nf6 2. Nf3 e6 3. c4 d5 4. cxd5 exd5 5. Nc3 Be7 6. Qc2 g6 7. Bg5 c6 8. e3 Nbd7 $11 9. Bd3 Nh5 10. Bxe7 Qxe7 11. O-O-O Nb6 12. Rde1 Be6 13. Nd2 O-O-O 14. Nb3 Ng7 15. f3 Kb8 16. Kb1 Rhe8 17. Nc5 Bf5 18. e4 dxe4 19. fxe4 Bc8 20. Qf2 Qd6 21. d5 Re5 22. Bc2 f5 23. Nd3 Ree8 24. e5 Qc7 25. d6 Qf7 26. Bb3 Be6 27. Nc5 Bxb3 28. axb3 Ne6 29. Ka2 Nd7 30. Nxd7+ Qxd7 31. Rd1 Ng5 32. Rhe1 Nf7 33. Qg3 Re6 34. Re2 Qe8 35. Rde1 g5 36. Qh3 Nh6 37. Qe3 f4 38. Qd3 Qh8 39. Na4 Nf7 40. Qf5 Qe8 41. Nc5 Rg6 42. d7 Qe7 43. e6 Nd6 44. Qe5 Ka8 45. Qxd6 Qxd6 46. e7 1-0

[Event "WYCC 2018 G14"]
[Site "Halkidiki"]
[Date "2018.10.24"]
[Round "6"]
[White "Mehmed, Elif"]
[Black "Rodriguez Redondo, Adhara"]
[Result "1/2-1/2"]
[ECO "C50"]
[WhiteElo "2049"]
[BlackElo "1911"]
[Annotator "NA"]
[PlyCount "132"]
[EventDate "2018.10.20"]
[EventType "swiss"]
[EventCountry "GRE"]
[SourceTitle "playchess.com"]
[Source "ChessBase"]
[SourceQuality "1"]
[TimeControl "40/5400+30:1800+30"]

1. e4 e5 2. Nf3 Nc6 3. Bc4 Bc5 4. O-O Nf6 $11 {[%emt 0:00:03] LiveBook: 2123 Games} 5. d3 a6 6. a4 d6 7. c3 Ba7 8. Re1 h6 9. Nbd2 O-O 10. h3 Ne7 11. Bb3 Ng6 12. d4 Re8 13. Bc2 Bd7 14. Nf1 c5 15. Ng3 Qc7 16. Nf5 cxd4 17. cxd4 Rad8 18. Be3 exd4 19. Bxd4 Bxd4 20. N5xd4 d5 21. exd5 Rxe1+ 22. Qxe1 Nf4 23. Rc1 Qb6 24. a5 Qd6 25. Qe5 Qxe5 26. Nxe5 N4xd5 27. Nxd7 Rxd7 28. Bf5 Re7 29. Rc8+ Re8 30. Bd7 Rf8 31. Rxf8+ Kxf8 32. Bc8 b6 33. axb6 Nxb6 34. Bxa6 g6 35. Nc6 Nfd5 36. Bd3 Ke8 37. Ne5 Ke7 38. f3 Ke6 39. Nc4 Nd7 40. Kf2 f5 41. Ne3 Nb4 42. Bc4+ Ke5 43. Ke2 Kd4 44. Bb3 Kc5 45. Nc2 Nd5 46. Ne1 N7f6 47. Nd3+ Kd4 48. g3 g5 49. Bc2 Ne3 50. Bb1 Nh5 51. Kf2 Nd1+ 52. Ke1 Ne3 53. g4 fxg4 54. hxg4 Nf6 55. Nf2 h5 56. Bf5 Nxf5 57. gxf5 Ke5 58. Nh3 Kxf5 59. Kf2 g4 60. fxg4+ hxg4 61. Ng1 Ke4 62. Kg3 Kd3 63. Nh3 gxh3 64. Kxh3 Kc2 65. b4 Nd5 66. b5 Kc3 1/2-1/2